| TOP OF THE 1ST |
|
Portland Sea Dogs batting - Pitching for Trenton Thunder : RHP John Robidoux
|
|
Pitching: RHP John Robidoux
|
|
|
Batting: RHB Larry Brocato
|
0-0: Called Strike 0-1: Ball 1-1: Ball 2-1: SINGLE (Line Drive, 89S, EV 103.8 MPH)
|
|
Batting: RHB Joe Sandoval
|
0-0: Foul Ball, location: 2F 0-1: Fly out, F9 (Flyball, 89M, EV 88.8 MPH)
|
|
Batting: LHB David Moore
|
0-0: Grounds into double play, 4-6-3 (Groundball, 4, EV 85.6 MPH)
|
| Top of the 1st over - 0 runs, 1 hit, 0 errors, 0 left on base; Portland 0 - Trenton 0 |
| BOTTOM OF THE 1ST |
|
Trenton Thunder batting - Pitching for Portland Sea Dogs : RHP Lukasha Sheigus
|
|
Pitching: RHP Lukasha Sheigus
|
|
|
Batting: RHB Bryan Westray
|
0-0: Called Strike 0-1: Ball 1-1: Ball 2-1: Ball 3-1: Ground out 6-3 (Groundball, 6, EV 81.2 MPH)
|
|
Batting: RHB Tim Osborn
|
0-0: Called Strike 0-1: Foul Ball, location: 2F 0-2: Ball 1-2: Ball 2-2: Ball 3-2: Strikes out swinging
|
|
Batting: RHB Sam Hubbert
|
0-0: Ball 1-0: Called Strike 1-1: Fly out, F9 (Line Drive, 9D, EV 86.2 MPH)
|
| Bottom of the 1st over - 0 runs, 0 hits, 0 errors, 0 left on base; Portland 0 - Trenton 0 |
| TOP OF THE 2ND |
|
Portland Sea Dogs batting - Pitching for Trenton Thunder : RHP John Robidoux
|
|
Batting: RHB Dave Burwell
|
0-0: Ball 1-0: Swinging Strike 1-1: Called Strike 1-2: Ball 2-2: Ground out 5-3 (Groundball, 56, EV 88.1 MPH)
|
|
Batting: LHB Dave Reyes
|
0-0: Ball 1-0: Swinging Strike 1-1: Fly out, F5 (Line Drive, 5, EV 72.5 MPH)
|
|
Batting: RHB Travis Campbell
|
0-0: Ball 1-0: Ball 2-0: Ball 3-0: Base on Balls
|
|
Batting: RHB Mike Batko
|
0-0: Ball 1-0: Called Strike 1-1: Ball 2-1: Swinging Strike 2-2: Ball 3-2: Foul Ball, location: 2F 3-2: Foul Ball, location: 2F 3-2: Base on Balls Travis Campbell to second
|
|
Batting: LHB Sergio Tinoco
|
0-0: Ball 1-0: Ball 2-0: Ball 3-0: Base on Balls Travis Campbell to third Mike Batko to second
|
|
Batting: RHB Josh Helman
|
0-0: Ball 1-0: Ball 2-0: SINGLE (Groundball, 4MD, EV 103.8 MPH) Travis Campbell scores Mike Batko to third Sergio Tinoco to second Runner from 3rd tries for Home, SAFE, throw by CF to home
|
|
Batting: RHB Larry Brocato
|
0-0: Foul Ball, location: 2F 0-1: Fly out, F9 (Flyball, 9LM, EV 80.6 MPH)
|
| Top of the 2nd over - 2 runs, 1 hit, 0 errors, 2 left on base; Portland 2 - Trenton 0 |
| BOTTOM OF THE 2ND |
|
Trenton Thunder batting - Pitching for Portland Sea Dogs : RHP Lukasha Sheigus
|
|
Batting: SHB David Stewart
|
0-0: Ball 1-0: Ball 2-0: Ball 3-0: Base on Balls
|
|
Batting: SHB Houston Phillips
|
0-0: Ball 1-0: Foul Ball, location: 2F 1-1: Ball 2-1: Foul Ball, location: 2F 2-2: Ball 3-2: SINGLE (Line Drive, 3D, EV 98.8 MPH) David Stewart to second
|
|
Batting: RHB Phil Reeves
|
0-0: Ball 1-0: Ball 2-0: Fielders Choice at 2nd, 4-6 (Groundball, 4D, EV 103.1 MPH) David Stewart to third
|
|
Batting: RHB Alex Colon
|
0-0: Ball 1-0: Foul Ball, location: 2F 1-1: Swinging Strike 1-2: SINGLE (Groundball, 56D, EV 89.4 MPH) (infield hit) David Stewart scores Phil Reeves to second
|
|
Batting: RHB Nazeeh Zubair
|
0-0: Ball 1-0: Grounds into double play, 6-4-3 (Groundball, 6, EV 85.6 MPH)
|
| Bottom of the 2nd over - 1 run, 2 hits, 0 errors, 1 left on base; Portland 2 - Trenton 1 |
| TOP OF THE 3RD |
|
Portland Sea Dogs batting - Pitching for Trenton Thunder : RHP John Robidoux
|
|
Batting: RHB Joe Sandoval
|
0-0: Swinging Strike 0-1: Ball 1-1: Ball 2-1: Called Strike 2-2: Ball 3-2: Base on Balls
|
|
Batting: LHB David Moore
|
0-0: Foul Ball, location: 2F 0-1: Swinging Strike 0-2: Strikes out swinging
|
|
Batting: RHB Dave Burwell
|
0-0: Fly out, F7 (Line Drive, 78D, EV 92.5 MPH)
|
|
Batting: LHB Dave Reyes
|
0-0: Foul Ball, location: 2F 0-1: Ball 1-1: Ball Joe Sandoval steals 2nd base 2-1: Swinging Strike 2-2: Foul Ball, location: 2F 2-2: SINGLE (Groundball, 3D, EV 106.2 MPH) Joe Sandoval to third Runner from 3rd tries for Home, SAFE, throw by RF to home Dave Reyes to second
|
|
Batting: RHB Travis Campbell
|
0-0: Ball 1-0: Swinging Strike 1-1: Ball 2-1: Swinging Strike 2-2: Strikes out looking
|
| Top of the 3rd over - 1 run, 1 hit, 0 errors, 1 left on base; Portland 3 - Trenton 1 |
| BOTTOM OF THE 3RD |
|
Trenton Thunder batting - Pitching for Portland Sea Dogs : RHP Lukasha Sheigus
|
|
Batting: RHB Ben Kidder
|
0-0: Ball 1-0: Swinging Strike 1-1: Ground out 4-3 (Groundball, 34, EV 77.5 MPH)
|
|
Batting: RHB Bryan Westray
|
0-0: Foul Ball, location: 2F 0-1: Foul Ball, location: 2F 0-2: Ball 1-2: Ground out 1-3 (Groundball, 13S, EV 64.4 MPH)
|
|
Batting: RHB Tim Osborn
|
0-0: Called Strike 0-1: Fly out, F4 (Popup, 13, EV 76.2 MPH)
|
| Bottom of the 3rd over - 0 runs, 0 hits, 0 errors, 0 left on base; Portland 3 - Trenton 1 |
| TOP OF THE 4TH |
|
Portland Sea Dogs batting - Pitching for Trenton Thunder : RHP John Robidoux
|
|
Batting: RHB Mike Batko
|
0-0: Ball 1-0: Foul Ball, location: 2F 1-1: Called Strike 1-2: Foul Ball, location: 2F 1-2: Foul Ball, location: 2F 1-2: SINGLE (Groundball, 34S, EV 80.6 MPH) (infield hit)
|
|
Batting: LHB Sergio Tinoco
|
0-0: Ball 1-0: Ball 2-0: Called Strike 2-1: Swinging Strike 2-2: Ball 3-2: Grounds out, U3 (Groundball, 3L, EV 81.2 MPH)
|
|
Batting: RHB Josh Helman
|
0-0: Ball 1-0: Swinging Strike 1-1: Swinging Strike 1-2: Strikes out swinging
|
|
Batting: RHB Larry Brocato
|
0-0: Called Strike 0-1: Swinging Strike 0-2: Foul Ball, location: 2F 0-2: Ball 1-2: Strikes out swinging
|
| Top of the 4th over - 0 runs, 1 hit, 0 errors, 1 left on base; Portland 3 - Trenton 1 |
| BOTTOM OF THE 4TH |
|
Trenton Thunder batting - Pitching for Portland Sea Dogs : RHP Lukasha Sheigus
|
|
Batting: RHB Sam Hubbert
|
0-0: Called Strike 0-1: Ball 1-1: Foul Ball, location: 2F 1-2: Foul Ball, location: 2F 1-2: Foul Ball, location: 2F 1-2: Foul Ball, location: 2F 1-2: Foul Ball, location: 2F 1-2: Hit by Pitch
|
|
Batting: SHB David Stewart
|
0-0: Ball 1-0: SINGLE (Groundball, 34D, EV 104.4 MPH) Sam Hubbert to second Runner from 2nd tries for 3rd, SAFE, throw by RF made to third
|
|
Batting: SHB Houston Phillips
|
0-0: Ball 1-0: Ball 2-0: Called Strike 2-1: Fly out, F8 (Flyball, 8LXD, EV 105.0 MPH) Runner from 3rd tags up, SCORES, no throw by CF
|
|
Batting: RHB Phil Reeves
|
0-0: Fly out, F8 (Flyball, 89M, EV 93.1 MPH)
|
|
Batting: RHB Alex Colon
|
0-0: Ball 1-0: Swinging Strike 1-1: Ground out 4-3 (Groundball, 4, EV 86.9 MPH)
|
| Bottom of the 4th over - 1 run, 1 hit, 0 errors, 1 left on base; Portland 3 - Trenton 2 |
| TOP OF THE 5TH |
|
Portland Sea Dogs batting - Pitching for Trenton Thunder : RHP John Robidoux
|
|
Batting: RHB Joe Sandoval
|
0-0: Called Strike 0-1: Foul Ball, location: 2F 0-2: Ground out 4-3 (Groundball, 4S, EV 84.4 MPH)
|
|
Batting: LHB David Moore
|
0-0: Called Strike 0-1: Foul Ball, location: 2F 0-2: Strikes out swinging
|
|
Pitching: RHP Joe Shaw
|
|
|
Batting: RHB Dave Burwell
|
0-0: Called Strike 0-1: Swinging Strike 0-2: Ball 1-2: Strikes out looking
|
| Top of the 5th over - 0 runs, 0 hits, 0 errors, 0 left on base; Portland 3 - Trenton 2 |
| BOTTOM OF THE 5TH |
|
Trenton Thunder batting - Pitching for Portland Sea Dogs : RHP Lukasha Sheigus
|
|
Batting: RHB Nazeeh Zubair
|
0-0: Foul Ball, location: 2F 0-1: Ball 1-1: Ball 2-1: SINGLE (Groundball, 6MD, EV 102.5 MPH)
|
|
Batting: RHB Ben Kidder
|
0-0: Called Strike 0-1: Called Strike 0-2: SINGLE (Groundball, 6MD, EV 94.4 MPH) Nazeeh Zubair to second
|
|
Batting: RHB Bryan Westray
|
0-0: Ball 1-0: Called Strike 1-1: Swinging Strike 1-2: Foul Ball, location: 2F 1-2: Strikes out swinging
|
|
Batting: RHB Tim Osborn
|
0-0: Ball 1-0: Ball 2-0: Foul Ball, location: 2F 2-1: Fielders Choice at 2nd, 4-6 (Groundball, 4, EV 85.0 MPH) Nazeeh Zubair to third
|
|
Batting: RHB Sam Hubbert
|
0-0: Fly out, F7 (Flyball, 7, EV 88.8 MPH)
|
| Bottom of the 5th over - 0 runs, 2 hits, 0 errors, 2 left on base; Portland 3 - Trenton 2 |
| TOP OF THE 6TH |
|
Portland Sea Dogs batting - Pitching for Trenton Thunder : RHP Joe Shaw
|
|
Batting: LHB Dave Reyes
|
0-0: Ground out 6-3 (Groundball, 6, EV 81.9 MPH)
|
|
Batting: RHB Travis Campbell
|
0-0: Called Strike 0-1: Foul Ball, location: 2F 0-2: Ball 1-2: Foul Ball, location: 2F 1-2: Foul Ball, location: 2F 1-2: Ball 2-2: Foul Ball, location: 2F 2-2: Ball 3-2: Ground out 4-3 (Groundball, 4, EV 98.1 MPH)
|
|
Batting: RHB Mike Batko
|
0-0: Called Strike 0-1: Foul Ball, location: 2F 0-2: Ground out 3-1 (Groundball, 3D, EV 105.0 MPH)
|
| Top of the 6th over - 0 runs, 0 hits, 0 errors, 0 left on base; Portland 3 - Trenton 2 |
| BOTTOM OF THE 6TH |
|
Trenton Thunder batting - Pitching for Portland Sea Dogs : RHP Lukasha Sheigus
|
|
Batting: SHB David Stewart
|
0-0: Called Strike 0-1: Swinging Strike 0-2: Hit by Pitch
|
|
Batting: SHB Houston Phillips
|
0-0: Foul Ball, location: 2F 0-1: Fielders Choice at 2nd, 4-6 (Groundball, 34S, EV 90.6 MPH)
|
|
Batting: RHB Phil Reeves
|
0-0: Foul Ball, location: 2F 0-1: Ball 1-1: Fielders Choice at 2nd, 4-6 (Groundball, 34, EV 83.8 MPH)
|
|
Batting: RHB Alex Colon
|
0-0: Ball Phil Reeves steals 2nd base 1-0: Called Strike 1-1: SINGLE (Groundball, 4MD, EV 98.1 MPH) Phil Reeves to third Runner from 3rd tries for Home, SAFE, throw by CF to home Alex Colon to second
|
|
Batting: RHB Nazeeh Zubair
|
0-0: Foul Ball, location: 2F 0-1: Ball 1-1: Ball 2-1: Ball 3-1: Ground out 5-3 (Groundball, 56, EV 82.5 MPH)
|
| Bottom of the 6th over - 1 run, 1 hit, 0 errors, 1 left on base; Portland 3 - Trenton 3 |
| TOP OF THE 7TH |
|
Portland Sea Dogs batting - Pitching for Trenton Thunder : RHP Joe Shaw
|
|
Batting: LHB Sergio Tinoco
|
0-0: Ball 1-0: Ball 2-0: Called Strike 2-1: Ball 3-1: Ground out U3 (Groundball, 3L, EV 101.9 MPH)
|
|
Batting: RHB Josh Helman
|
0-0: Ball 1-0: Fly out, F8 (Line Drive, 89M, EV 91.2 MPH)
|
|
Batting: RHB Larry Brocato
|
0-0: Called Strike 0-1: Ball 1-1: Foul Ball, location: 2F 1-2: Ball 2-2: Ball 3-2: Ground out 6-3 (Groundball, 6, EV 92.5 MPH)
|
| Top of the 7th over - 0 runs, 0 hits, 0 errors, 0 left on base; Portland 3 - Trenton 3 |
| BOTTOM OF THE 7TH |
|
Trenton Thunder batting - Pitching for Portland Sea Dogs : RHP Lukasha Sheigus
|
|
Pitching: RHP Joseph Anderson
|
|
|
Batting: RHB Ben Kidder
|
0-0: Called Strike 0-1: Called Strike 0-2: Ground out 5-3 (Groundball, 56, EV 86.2 MPH)
|
|
Batting: RHB Bryan Westray
|
0-0: Called Strike 0-1: Ground out 4-3 (Groundball, 4, EV 105.6 MPH)
|
|
Batting: RHB Tim Osborn
|
0-0: Called Strike 0-1: Ground out 4-3 (Groundball, 4M, EV 98.8 MPH)
|
| Bottom of the 7th over - 0 runs, 0 hits, 0 errors, 0 left on base; Portland 3 - Trenton 3 |
| TOP OF THE 8TH |
|
Portland Sea Dogs batting - Pitching for Trenton Thunder : RHP Joe Shaw
|
|
Pitching: LHP Jon Moore
|
|
|
Batting: RHB Joe Sandoval
|
0-0: Ground out 1-3 (Groundball, 13, EV 73.8 MPH)
|
|
Batting: RHB Zi-jing Wang
|
0-0: Ball 1-0: Swinging Strike 1-1: SINGLE (Groundball, 4MD, EV 96.9 MPH)
|
|
Batting: RHB Dave Burwell
|
0-0: Fly out, F8 (Flyball, 8RD, EV 83.1 MPH)
|
|
Pinch Hitting: RHB Alex Melendez
|
0-0: Ball 1-0: Ball 2-0: Ball 3-0: Base on Balls Zi-jing Wang to second
|
|
Batting: RHB Travis Campbell
|
0-0: Called Strike 0-1: Called Strike 0-2: Ball 1-2: Strikes out swinging
|
| Top of the 8th over - 0 runs, 1 hit, 0 errors, 2 left on base; Portland 3 - Trenton 3 |
| BOTTOM OF THE 8TH |
|
Trenton Thunder batting - Pitching for Portland Sea Dogs : RHP Joseph Anderson
|
|
Now in CF: Miguel Villanueva
|
|
|
Batting: RHB Sam Hubbert
|
0-0: Ball 1-0: Called Strike 1-1: Ground out U3 (Groundball, 34S, EV 90.6 MPH)
|
|
Batting: SHB David Stewart
|
0-0: Foul Ball, location: 2F 0-1: Ball 1-1: Called Strike 1-2: Strikes out swinging
|
|
Batting: SHB Houston Phillips
|
0-0: Called Strike 0-1: Called Strike 0-2: Ball 1-2: DOUBLE (Groundball, 5L, EV 101.9 MPH)
|
|
Pinch Hitting: LHB Jared Zulkowski
|
0-0: Called Strike 0-1: Swinging Strike 0-2: Ball 1-2: Ball 2-2: Strikes out swinging
|
| Bottom of the 8th over - 0 runs, 1 hit, 0 errors, 1 left on base; Portland 3 - Trenton 3 |
| TOP OF THE 9TH |
|
Portland Sea Dogs batting - Pitching for Trenton Thunder : LHP Jon Moore
|
|
Now in RF: Christian Shearer
|
|
|
Batting: RHB Mike Batko
|
0-0: Called Strike 0-1: Ball 1-1: Ball 2-1: Called Strike 2-2: Ball 3-2: Foul Ball, location: 2F 3-2: Foul Ball, location: 2F 3-2: Base on Balls
|
|
Pinch Hitting: RHB Mike Cavagnaro
|
0-0: Ball 1-0: Ball 2-0: Bunted foul 2-1: Ball 3-1: Sac Bunt to 5S - play at first, batter OUT! 5-3 Mike Batko to second
|
|
Batting: RHB Josh Helman
|
0-0: Ground out 5-3 (Groundball, 56, EV 87.5 MPH)
|
|
Batting: RHB Larry Brocato
|
0-0: Ball 1-0: Ground out U3 (Groundball, 34, EV 86.9 MPH)
|
| Top of the 9th over - 0 runs, 0 hits, 0 errors, 1 left on base; Portland 3 - Trenton 3 |
| BOTTOM OF THE 9TH |
|
Trenton Thunder batting - Pitching for Portland Sea Dogs : RHP Joseph Anderson
|
|
Pitching: RHP Elliot Monroe
|
|
|
Now in RF: Blake Sams
|
|
|
Batting: RHB Alex Colon
|
0-0: Ground out 3-1 (Groundball, 34, EV 95.6 MPH)
|
|
Batting: RHB Nazeeh Zubair
|
0-0: Ball 1-0: Foul Ball, location: 2F 1-1: SINGLE (Popup, 3D, EV 41.9 MPH)
|
|
Pinch Hitting: LHB Victor Fiallos
|
0-0: Called Strike 0-1: Foul Ball, location: 2F 0-2: Strikes out swinging
|
|
Batting: RHB Bryan Westray
|
0-0: Foul Ball, location: 2F 0-1: Called Strike 0-2: Ball 1-2: Foul Ball, location: 2F 1-2: Ball 2-2: Ball 3-2: Base on Balls Nazeeh Zubair to second
|
|
Batting: RHB Tim Osborn
|
0-0: Ball 1-0: Ball 2-0: Ball 3-0: Base on Balls Nazeeh Zubair to third Bryan Westray to second
|
|
Batting: RHB Sam Hubbert
|
0-0: Ball 1-0: Called Strike 1-1: Foul Ball, location: 2F 1-2: SINGLE (Groundball, 34D, EV 105.0 MPH) Nazeeh Zubair scores
|
| Bottom of the 9th over - 1 run, 2 hits, 0 errors, 2 left on base; Portland 3 - Trenton 4 |
|